Map: Ulrena

Players

SaferServer - Winner!

  • Race: Protoss Protoss
  • League: Silver
  • Spawn Location: 11:00

zidar

  • Race: Zerg Zerg
  • League: Silver
  • Spawn Location: 7:00

VOD

Have the link to the VOD?

Description

Time

  • Played on: Jan. 16, 2016, 2:59 p.m.
  • Length: 18:21
Show
View Real Time Build Order
Export as new Build Order

SaferServer Protoss - Winner!

Build Orders: 1 Gate Expand 

Get SALT Encoding   

  12  0:02  Probe (Chrono Boost)  
  13  0:13  Probe (Chrono Boost)  
  14  0:22  Pylon  
  14  0:24  Probe (Chrono Boost)  
  15  0:40  Gateway  
  15  0:41  Probe (Chrono Boost)  
  16  0:46  Assimilator  
  16  0:51  Probe (Chrono Boost)  
  17  1:23  Nexus  
  17  1:31  Probe (Chrono Boost)  
  17  1:32  Assimilator  
  17  1:41  Cybernetics Core  
  17  1:42  Probe (Chrono Boost)  
  18  1:53  Pylon  
  18  1:55  Probe (Chrono Boost)  
  19  2:06  Probe (Chrono Boost)  
  20  2:16  Probe (Chrono Boost)  
  20  2:22  Robotics Facility  
  21  2:27  Adept  
  21  2:29  Probe (Chrono Boost)  
  24  2:36  Warp Gate  
  24  2:46  Mothership Core (Chrono Boost)  
  24  2:47  Probe (Chrono Boost)  
  27  3:05  Stalker  
  26  3:35  Adept  
  26  3:37  Probe x2 (Chrono Boost)  
  26  3:40  Pylon  
  30  3:42  Pylon  
  30  3:48  Probe x2 (Chrono Boost)  
  32  3:55  Pylon  
  32  3:59  Pylon  
  32  4:09  Probe x2 (Chrono Boost)  
  32  4:36  Probe x2 (Chrono Boost)  
  34  4:48  Probe (Chrono Boost)  
  35  4:59  Probe (Chrono Boost)  
  36  5:01  Observer  
  36  5:06  Probe (Chrono Boost), Gateway  
  38  5:07  Assimilator  
  38  5:08  Gateway  
  38  5:09  Probe (Chrono Boost), Assimilator  
  38  5:12  Adept  
  41  5:16  Probe (Chrono Boost)  
  41  5:20  Probe (Chrono Boost)  
  43  5:27  Probe (Chrono Boost)  
  44  5:30  Probe (Chrono Boost)  
  44  5:33  Nexus, Stalker  
  47  5:38  Probe (Chrono Boost), Pylon  
  47  5:41  Pylon  
  48  5:45  Probe (Chrono Boost)  
  48  5:48  Probe (Chrono Boost)  
  50  5:54  Pylon  
  50  5:56  Probe (Chrono Boost)  
  49  6:04  Stalker  
  47  6:17  Gateway, Stalker  
  47  6:19  Stalker  
  49  6:29  Gateway, Probe (Chrono Boost)  
  49  6:30  Probe (Chrono Boost), Gateway  
  51  6:35  Stalker  
  53  6:40  Probe (Chrono Boost)  
  52  6:57  Stalker x2  
  52  6:58  Stalker  
  48  7:33  Stalker  
  48  7:34  Stalker x5  
  60  8:01  Stalker x2  
  60  8:02  Stalker x3  
  70  8:13  Twilight Council  
  70  8:27  Stalker x5  
  70  8:28  Stalker  
  70  8:33  Nexus  
  70  8:34  Pylon  
  82  8:37  Immortal  
  86  8:50  Pylon  
  86  8:56  Stalker x4  
  93  9:25  Dark Shrine  
  93  9:26  Blink  
  75  10:03  Stalker  
  75  10:04  Stalker x5  
  87  10:26  Immortal  
  91  10:35  Assimilator  
  91  10:37  Assimilator  
  91  10:38  Dark Templar x3  
  91  10:39  Dark Templar x3  
  91  11:16  Dark Templar x5  
  91  11:17  Dark Templar  
  103  11:27  Immortal  
  107  11:50  Stalker x6  
  115  12:29  Stalker x3  
  121  12:30  Stalker x2  
  117  12:46  Templar Archives  
  117  12:50  Pylon  
  117  12:52  Pylon  
  117  12:54  Probe x3 (Chrono Boost)  
  117  12:57  Zealot x2  
  124  13:18  Dark Templar x6  
  135  13:33  Forge  
  135  13:36  Psionic Storm, Forge  
  135  13:38  Forge  
  135  13:58  Observer  
  132  14:19  Observer  
  95  15:06  Stalker x5  
  95  15:07  Stalker  
  99  15:46  Dark Templar x4  
  99  15:47  Dark Templar x2  
  109  16:18  Nexus  
  109  16:20  Dark Templar x5, Pylon  
  109  16:21  Dark Templar  
  109  16:25  Observer, Pylon  
  122  17:04  Stalker  
  122  17:05  Stalker x5  
  134  17:11  Assimilator  
  134  17:15  Assimilator  
  134  17:32  High Templar  
  134  17:33  High Templar x3  
  134  17:34  High Templar x2  
  134  17:35  Robotics Bay  
  146  17:51  Observer  
Show
View Real Time Build Order
Export as new Build Order

zidar Zerg 

Build Orders: Hatch First, Lurkers 

Get SALT Encoding   

  12  0:02  Drone  
  13  0:12  Overlord  
  13  0:17  Drone  
  14  0:30  Drone x2  
  14  0:34  Drone  
  17  0:55  Hatchery  
  16  0:58  Drone  
  17  1:13  Spawning Pool  
  17  1:14  Drone  
  17  1:42  Extractor  
  16  2:01  Queen  
  16  2:04  Roach Warren, Zergling x4  
  16  2:05  Zergling x2  
  20  2:32  Drone x5  
  20  2:34  Queen  
  27  2:47  Extractor  
  26  2:57  Drone  
  24  3:30  Zergling x2  
  24  3:31  Zergling x6  
  27  3:43  Overlord x2  
  27  3:44  Overlord  
  27  3:53  Metabolic Boost  
  27  3:56  Hatchery  
  23  4:31  Roach  
  23  4:32  Roach x7  
  38  4:43  Roach  
  38  4:44  Roach x2  
  44  4:50  Drone x2  
  46  4:53  Drone  
  47  5:02  Roach  
  49  5:25  Ravager  
  49  5:26  Ravager  
  51  5:31  Queen  
  53  5:37  Drone x5  
  53  5:41  Overlord  
  58  5:46  Lair  
  54  6:19  Roach x3  
  54  6:20  Roach x3  
  66  6:33  Overlord x3  
  56  7:52  Hydralisk Den  
  55  8:03  Overlord x3  
  55  8:06  Roach  
  55  8:07  Roach x13  
  55  8:10  Zergling x2  
  55  8:11  Zergling x12  
  90  8:45  Hydralisk  
  90  8:46  Hydralisk x7  
  106  8:53  Drone x2  
  106  8:54  Drone  
  109  9:10  Ravager  
  109  9:14  Hydralisk  
  79  10:08  Roach x4, Hydralisk  
  79  10:09  Hydralisk x3  
  95  10:23  Extractor  
  95  10:24  Extractor, Overseer  
  95  10:25  Extractor, Drone  
  95  10:26  Drone x3  
  95  10:27  Drone x6  
  102  10:29  Drone x9  
  102  10:30  Extractor  
  110  10:58  Lurker Den  
  110  11:16  Overseer  
  110  11:34  Hydralisk  
  110  11:38  Overlord x3  
  110  11:39  Overlord  
  112  11:40  Overlord  
  112  11:53  Evolution Chamber  
  111  11:54  Evolution Chamber  
  111  11:58  Infestation Pit  
  98  12:19  Hydralisk x3  
  98  12:20  Hydralisk x7  
  98  12:21  Roach x5  
  98  12:22  Roach x4  
  136  12:27  Drone x3  
  139  12:41  Queen  
  141  12:55  Lurker x3  
  141  12:56  Lurker x2  
  146  13:06  Drone x6  
  152  13:17  Hive  
  152  13:23  Zerg Missile Weapons Level 1  
  152  13:30  Zerg Ground Armor Level 1  
  152  14:24  Overseer x2  
  48  15:01  Hydralisk  
  48  15:02  Hydralisk x17  
  48  15:03  Roach  
  48  15:04  Roach x3  
  90  15:13  Roach  
  90  15:14  Roach x2  
  76  15:54  Hydralisk x2  
  76  15:55  Hydralisk x4  
  76  15:56  Roach  
  90  16:19  Hatchery  
  89  16:34  Roach x3  
  89  16:39  Lurker  
  97  16:40  Lurker  
  97  16:43  Lurker  
  97  16:45  Lurker  
  99  17:02  Roach x3  
  105  17:31  Roach x4  
  105  17:32  Roach  
  105  17:34  Hydralisk  
  117  17:42  Queen  
Tags
 
Composition
Lurkers
Matchup
PvZ
Spawn Locations
Close Positions
Add a new tag
Caveats
  • Supply blocks, unpowered buildings, or Contaminate may cause inaccurate times.
  • Supply counts are checked every 10 seconds.